Map: Année zéro EC

Players

Sorandom

  • Race: Zerg Zerg
  • League: Diamond
  • Spawn Location: 11:00

goira - Winner!

  • Race: Protoss Protoss
  • League: Diamond
  • Spawn Location: 1:00

VOD

Have the link to the VOD?

Description

Time

  • Played on: April 5, 2019, 1:02 p.m.
  • Length: 7:17
Show
View Real Time Build Order
Export as new Build Order

Sorandom Zerg 

Build Orders: Pool First 

Get SALT Encoding   

  12  0:02  Drone  
  13  0:13  Overlord  
  13  0:19  Drone  
  14  0:31  Drone x2  
  16  0:36  Drone  
  17  0:45  Drone  
  18  0:50  Spawning Pool  
  18  0:54  Extractor  
  16  0:57  Drone  
  17  1:24  Drone  
  18  1:34  Hatchery  
  18  1:37  Zergling x4  
  19  1:42  Queen  
  21  1:52  Overlord  
  21  2:05  Drone  
  21  2:08  Overlord  
  22  2:17  Drone  
  22  2:21  Metabolic Boost  
  23  2:23  Zergling x2  
  24  2:35  Zergling x2  
  24  2:45  Zergling x2  
  25  2:55  Queen  
  25  2:57  Zergling x2  
  25  2:58  Zergling x4  
  30  3:07  Drone x2  
  30  3:09  Spine Crawler  
  31  3:18  Drone x3  
  32  3:24  Drone  
  33  3:36  Spore Crawler  
  32  3:42  Drone x3  
  32  3:48  Drone  
  36  3:55  Spore Crawler  
  35  3:56  Drone  
  35  3:57  Drone  
  37  4:04  Drone x4  
  37  4:06  Drone  
  42  4:22  Hatchery  
  41  4:29  Roach Warren  
  40  4:34  Lair  
  40  4:43  Queen  
  42  4:48  Drone x2  
  42  4:52  Extractor, Overlord, Drone  
  44  5:10  Overlord x3  
  44  5:13  Drone x3  
  47  5:17  Extractor, Drone  
  47  5:18  Drone x2  
  49  5:23  Extractor  
  48  5:30  Drone  
  48  5:31  Drone x6  
  48  5:34  Overseer  
  55  5:38  Queen  
  57  5:47  Drone x5  
  57  5:48  Glial Reconstitution  
  62  6:04  Drone  
  62  6:05  Spore Crawler, Drone x6  
  62  6:11  Roach x2  
  72  6:20  Extractor  
  72  6:21  Extractor  
  72  6:22  Drone  
  71  6:29  Drone x3  
  74  6:38  Overlord x2  
  74  6:39  Overlord x2  
  74  6:44  Evolution Chamber  
  74  6:45  Evolution Chamber  
  72  6:53  Hydralisk Den, Drone x2  
  73  6:55  Drone  
  73  6:56  Overlord x5  
Show
View Real Time Build Order
Export as new Build Order

goira Protoss - Winner!

Build Orders:  

Get SALT Encoding   

  1  0:00  Probe  
  12  0:05  Probe  
  14  0:15  Probe  
  15  0:32  Pylon  
  15  0:50  Probe  
  16  1:10  Nexus  
  16  1:11  Pylon  
  16  1:21  Forge  
  16  1:30  Probe  
  17  1:37  Pylon  
  17  1:42  Gateway  
  17  1:48  Assimilator  
  17  2:00  Photon Cannon  
  17  2:10  Probe  
  18  2:16  Photon Cannon  
  18  2:23  Probe  
  18  2:35  Probe x2  
  20  2:37  Cybernetics Core  
  20  2:47  Probe x2  
  20  2:51  Assimilator  
  22  3:00  Probe  
  22  3:01  Photon Cannon  
  22  3:03  Probe  
  23  3:11  Probe  
  24  3:13  Probe  
  26  3:20  Probe  
  26  3:22  Warp Gate  
  26  3:25  Probe  
  28  3:32  Probe  
  29  3:37  Probe  
  30  3:44  Probe  
  31  3:48  Stargate  
  31  3:50  Probe  
  32  3:56  Shield Battery  
  32  3:57  Probe  
  32  4:01  Assimilator  
  32  4:02  Probe  
  33  4:05  Sentry  
  33  4:09  Probe  
  37  4:10  Probe  
  38  4:23  Photon Cannon  
  38  4:25  Pylon  
  38  4:35  Pylon  
  38  4:43  Probe x2  
  38  4:44  Oracle  
  43  4:51  Probe  
  43  4:55  Probe  
  43  4:56  Twilight Council  
  43  4:59  Probe, Protoss Ground Weapons Level 1  
  45  5:04  Pylon  
  46  5:08  Probe  
  46  5:10  Probe  
  48  5:14  Charge  
  48  5:20  Probe  
  49  5:34  Pylon  
  49  5:43  Gateway  
  49  5:45  Gateway  
  49  5:47  Gateway  
  49  5:49  Gateway  
  49  5:52  Gateway  
  49  5:54  Gateway  
  49  5:57  Pylon  
  49  6:03  Gateway  
  49  6:04  Zealot  
  51  6:24  Pylon  
  51  6:26  Pylon  
  51  6:30  Zealot  
  53  6:44  Zealot  
  53  6:45  Zealot x3  
  61  6:49  Nexus  
  61  6:56  Zealot x2  
  61  7:00  Adept  
  67  7:01  Zealot  
  69  7:09  Pylon  
Tags
 
Matchup
PvZ
Opening
Pool First
Replay Pack
Pack 2
Spawn Locations
Close Positions
Add a new tag
Caveats
  • Supply blocks, unpowered buildings, or Contaminate may cause inaccurate times.
  • Supply counts are checked every 10 seconds.